 Dungeon Crawl Stone Soup version 0.29.1-1-gd02db6906a (webtiles) character file.

Game seed: 17301407240959678454

14 Descartes the Ducker (level 2, -3/12 HPs)
             Began as a Felid Wanderer on Oct 12, 2022.
             Slain by a kobold
             ... wielding a +0 club
              (4 damage)
             ... on level 1 of the Dungeon.
             The game lasted 00:01:30 (459 turns).

Descartes the Ducker (Felid Wanderer)                Turns: 459, Time: 00:01:31

Health: -3/12      AC:  1    Str:  6    XL:     2   Next: 27%
Magic:  6/7        EV: 18    Int: 14    God:
Gold:   41         SH:  0    Dex: 16    Spells: 5/7 levels left
                                        Lives:  0   Deaths: 0

rFire   . . .      SeeInvis +   (weapon unavailable)
rCold   . . .      Faith    .   (shield unavailable)
rNeg    . . .      Spirit   .   (body armour unavailable)
rPois   .          Reflect  .   (helmet unavailable)
rElec   .          Harm     .   (cloak unavailable)
rCorr   .          Rampage  .   (gloves unavailable)
Will    .....                   (boots unavailable)
Stlth   ++........              (no amulet)
HPRegen 0.04/turn               (no ring)
MPRegen 0.10/turn               (no ring)

@: appendages, quick
A: horns 2, very small, claws 1, fangs 3, see invisible, speed 1, shaggy fur 1,
stealthy paws, no weapons or thrown items, no armour, multi-lived
a: End Transformation


You were on level 1 of the Dungeon.
You had temporarily grown beastly horns.
You visited 1 branch of the dungeon, and saw 1 of its levels.

You collected 41 gold pieces.

Inventory:

Jewellery
 g - a ring of resist corrosion
Scrolls
 a - a scroll of teleportation
 e - 2 scrolls of enchant weapon {unknown}
 f - a scroll of poison {unknown}
Potions
 b - a potion of haste {unknown}
 c - a potion of curing {unknown}
 d - a potion of berserk rage {unknown}


   Skills:
 - Level 1.0 Fighting
 + Level 4.2 Dodging
 + Level 1.1 Stealth
 + Level 0.6 Unarmed Combat
 - Level 3.0 Spellcasting
 + Level 0.7 Transmutations
 + Level 2.8 Poison Magic


You had 5 spell levels left.
You knew the following spells:

 Your Spells              Type           Power      Damage    Failure   Level
a - Sting                 Tmut/Pois      28%        1d4       11%         1
b - Beastly Appendage     Tmut           8%         N/A       16%         1

Your spell library contained the following spells:

 Spells                   Type           Power      Damage    Failure   Level
 Spider Form              Tmut/Pois      7%         N/A       30%         3
 Ignite Poison            Fire/Tmut/Pois 5%         N/A       36%         3
 Corpse Rot               Necr/Pois/Air  4%         N/A       82%         4


Dungeon Overview and Level Annotations

Branches:
Dungeon (1/15)

Altars:


Innate Abilities, Weirdness & Mutations

You have temporarily grown beastly horns.
You have sharp claws.
You have razor-sharp teeth.
You have supernaturally acute eyesight. (SInv)
You cover ground quickly. (Speed+)
You are covered in fur. (AC +1)
Your paws help you pounce on unaware monsters.
You are incapable of wielding weapons or throwing items.
You cannot wear armour.
You gain extra lives every three experience levels.


Message History

You scratch the endoplasm.
The endoplasm is severely wounded.
The endoplasm closely misses you.
You scratch the endoplasm. Your headbutt misses the endoplasm.
You bite the endoplasm, but do no damage.
The endoplasm is almost dead.
You scratch the endoplasm but do no damage.
You bite the endoplasm, but do no damage.
The endoplasm is almost dead.
The endoplasm freezes you.
You are frozen.
You are too injured to fight recklessly!
You are too injured to fight recklessly!
You are too injured to fight recklessly!
You are too injured to fight recklessly!
You are too injured to fight recklessly!
You scratch the endoplasm.
You kill the endoplasm!
The kobold throws a stone.
The stone misses you.
The kobold throws a stone.
The stone misses you.
A kobold comes into view. It is wielding a +0 club.
You miss the kobold.
The kobold shouts!
Your bite misses the kobold. The kobold closely misses you.
You scratch the kobold.
You kill the kobold!
Things that are here:
a +0 club; 3 stones You barely miss the kobold.
Your horns disappear.
The kobold hits you with a +0 club.
* * * LOW HITPOINT WARNING * * *
You barely miss the kobold. The kobold misses you.
You closely miss the kobold. The kobold barely misses you.
Casting: Beastly Appendage (safe; 16% risk of failure)
Confirm with . or Enter, or press ? or * to list all spells.
You grow a pair of large bovine horns.
The kobold closely misses you.
You scratch the kobold but do no damage.
The kobold hits you with a +0 club.
You die...

#.##..# #.#.# #.
#.....# ##.#.# . #.
#..#.####....##.. #.
#..#..[..........
####.##..######....###.
.........##...##.#.#
####.##..........#.#
...###.##...#........#
.......K@...##########
..##.#.##......... #.
###.###### #. .# #. .#
## ##


You could see a kobold.

Vanquished Creatures
  4 bats (D:1)
  2 endoplasms (D:1)
  A goblin (D:1)
  A hobgoblin (D:1)
  A quokka (D:1)
  A ball python (D:1)
  A kobold (D:1)
  A rat (D:1)
12 creatures vanquished.

Notes
Turn   | Place    | Note
-------+----------+-------------------------------------------
     0 | D:1      | Descartes the Felid Wanderer began the quest for the Orb.
     0 | D:1      | Descartes set off with the following items: a scroll of
                  | teleportation; and the following spells available to
                  | memorise: Sting, Beastly Appendage, Spider Form, Ignite
                  | Poison, Corpse Rot.
     0 | D:1      | Reached XP level 1. HP: 9/9 MP: 5/5
     2 | D:1      | Learned a level 1 spell: Sting
     4 | D:1      | Learned a level 1 spell: Beastly Appendage
   269 | D:1      | Reached XP level 2. HP: 12/12 MP: 5/7
   332 | D:1      | Reached skill level 1 in Stealth
   459 | D:1      | Slain by a kobold

Illustrated notes

Levels and vault maps discovered:
D:1:      minmay_arrival_hallway, layout_loops_ring

Skill      XL: |  1  2 |
---------------+-------+-----
Stealth        | 1 |  1.1
Fighting       | |  1.0
Dodging        | |  4.2
Unarmed Combat | |  0.6
Spellcasting   | |  3.0
Transmutations | |  0.7
Poison Magic   | |  2.8

Action                   || total
-------------------------++-------
Melee: Unarmed           ||    49
       Headbutt          ||     5
       Bite              ||     5
 Cast: Beastly Appendage ||    10
       Sting             ||     1
 Stab: Sleeping          ||     1
Armor: Skin              ||     4
Dodge: Dodged            ||    44
